 Dungeon Crawl Stone Soup version 0.24-a0-509-ga1643a6788 (webtiles) character file.

Game seed: 18414529271480417729

10679 Inarius the Grappler (level 11, -1/77 (78) HPs)
             Began as a Demonspawn Abyssal Knight on July 19, 2019.
             Was a High Priest of Lugonu.
             Slain by a two-headed ogre
             ... wielding a +0 giant club
              (12 damage)
             ... on level 10 of the Dungeon.
             The game lasted 00:28:31 (14401 turns).

Inarius the Grappler (Demonspawn Abyssal Knight)   Turns: 14401, Time: 00:28:32

HP:   -1/77 (78)    AC: 14    Str: 19    XL:     11   Next: 39%
MP:   15/15         EV: 11    Int: 14    God:    Lugonu [*****.]
Gold: 703           SH:  9    Dex: 13    Spells: 10/10 levels left

rFire    + . .     SeeInvis +     - Unarmed
rCold    . . .     Gourm    .   v - +0 shield
rNeg     . . .     Faith    .   e - +3 ring mail {rF+}
rPois    .         Spirit   .   q - +0 helmet {SInv}
rElec    .         Reflect  .   s - +0 cloak
rCorr    .         Harm     .   (no gloves)
MR       +....                  (no boots)
Stlth    +.........             (no amulet)
HPRegen  0.22/turn              A - ring of protection from magic
MPRegen  0.14/turn              L - +4 ring of strength

@: no status effects
A: claws 2, thin metallic scales 2, powered by pain 1
a: Depart the Abyss, Bend Space, Banish, Corrupt, Enter the Abyss, Renounce
Religion


You were on level 10 of the Dungeon.
You worshipped Lugonu.
Lugonu was extremely pleased with you.
You were not hungry.

You visited 1 branch of the dungeon, and saw 11 of its levels.
You visited the Abyss 1 time.

You collected 823 gold pieces.
You spent 120 gold pieces at shops.

Inventory:

Missiles
 m - 32 boomerangs (quivered)
Armour
 e - a +3 ring mail of fire resistance (worn)
 n - a +0 chain mail
 q - a +0 helmet of see invisible (worn)
 s - a +0 cloak (worn)
 v - a +0 shield (worn)
 C - a +0 plate armour
Jewellery
 g - an uncursed ring of fire
 u - an uncursed amulet of magic regeneration
 x - a +2 ring of evasion
 y - an uncursed ring of magical power
 A - a ring of protection from magic (left claw)
 J - an uncursed ring of protection from cold
 L - a +4 ring of strength (right claw)
Wands
 b - a wand of flame (7)
 z - a wand of digging (6)
 E - a wand of enslavement (7)
 I - a wand of disintegration (8)
Scrolls
 d - 6 scrolls of teleportation
 f - 11 scrolls of remove curse
 i - 3 scrolls of noise
 j - 2 scrolls of fog
 k - 2 scrolls of immolation {unknown}
 o - a scroll of amnesia {unknown}
 p - 3 scrolls of magic mapping
 r - 6 scrolls of enchant armour
 t - 2 scrolls of blinking
 B - a scroll of enchant weapon
 F - a scroll of fear {unknown}
 H - a scroll of brand weapon
 M - 2 scrolls of identify
Potions
 a - a potion of mutation
 h - 2 potions of curing
 l - a potion of lignification
 w - a potion of haste
 D - a potion of cancellation {unknown}
 K - a potion of invisibility
Miscellaneous
 G - a lightning rod (3/4)
Comestibles
 c - 18 rations


   Skills:
 + Level 4.7 Fighting
   Level 2.0 Axes
 + Level 2.4 Throwing
 + Level 5.5 Armour
 + Level 5.2 Dodging
 - Level 0.7 Stealth
 + Level 4.4 Shields
 * Level 11.5 Unarmed Combat
 + Level 5.8 Invocations
 * Level 5.3 Evocations


You had 10 spell levels left.
You didn't know any spells.
Your spell library contained the following spells:

 Spells                   Type           Power        Failure   Level  Hunger
 Flame Tongue             Conj/Fire      #....        88%         1    ##.....
 Throw Flame              Conj/Fire      #.....       95%         2    ###....
 Conjure Flame            Conj/Fire      #.......     99%         3    ####...
 Inner Flame              Hex/Fire       #.......     99%         3    ####...
 Sticky Flame             Conj/Fire      #.......     100%        4    #####..
 Fireball                 Conj/Fire      #.........   100%        5    ######.


Dungeon Overview and Level Annotations

Branches:
Dungeon (11/15)            Temple (0/1) D:7            Lair (0/6) D:8
    Orc (0/2) D:10

Altars:
Ashenzari
Cheibriados
Dithmenos
Elyvilon
Hepliaklqana
Kikubaaqudgha
Makhleb
Qazlal
Sif Muna
Trog
Uskayaw
Wu Jian
Yredelemnul

Shops:
D:5 :   D:10 *

Annotations:
D:5 1 runed translucent door, Loge's ghost, novice TeAE
D:9 2 transporters


Innate Abilities, Weirdness & Mutations

You have very sharp fingernails.
You are mostly covered in thin metallic scales. (AC +3)
You sometimes gain a little power by taking damage.


Message History

You scratch the two-headed ogre.
The two-headed ogre is almost dead.
The two-headed ogre closely misses you.
The two-headed ogre hits you with a +1 dire flail of holy wrath.
You convulse.
You are too injured to fight recklessly!
You are too injured to fight recklessly!
You scratch the two-headed ogre but do no damage.
The two-headed ogre is severely wounded.
You scratch the two-headed ogre.
The two-headed ogre is almost dead.
The two-headed ogre barely misses you.
The two-headed ogre hits you with a +1 dire flail of holy wrath.
You convulse.
Your shield prevents you from hitting the two-headed ogre.
The two-headed ogre is almost dead.
The two-headed ogre hits you with a +0 giant club!!
* * * LOW HITPOINT WARNING * * *
The two-headed ogre hits you with a +1 dire flail of holy wrath!
You die...

#######....#.....#.#............#
......#....'.....#.+............#
......#....##'####.#...####+#'#.#
......##...........#...#......#..
.รท.....#......##'###...#......#..
##.....#.<....#........#......#..
.##....##'#####........#......#..
..#.............O......#......#..
..#.[...........@......#......#..
.##....................#......#..
'##..................###.....##..
..##.................#.......#...
...#.................#.......#...
...'.................#.......#...
..##...).##'####.....#.......#...
###......'.....#.....#.......#...
#........#.....#.....#.......#...


You could see a two-headed ogre.

Vanquished Creatures
  3 two-headed ogres
  2 ugly things (D:11)
  A cyclops (D:11)
  A troll (D:10)
  3 hippogriffs
  Sigmund (D:3)
  A wyvern (D:9)
  A steam dragon (D:8)
  A basilisk (D:11)
  Edmund (D:6)
  3 sky beasts
  4 ice beasts
  3 orc warriors
  2 black bears (D:9)
  3 phantoms (D:10)
  2 necrophages
  5 ogres
  9 centaurs
  3 crocodiles
  3 big kobolds
  6 bullfrogs
  A wyvern zombie (D:7)
  2 scorpions
  2 troll zombies (D:10)
  5 killer bees (D:10)
  6 howler monkeys
  3 vampire bats (D:6)
  5 wights (D:9)
  4 crimson imps
  2 centaur zombies
  6 hounds
  3 orc priests
  A centaur skeleton (D:11)
  2 jellies
  10 orc wizards
  A bullfrog zombie (D:7)
  Jessica (D:3)
  A bullfrog skeleton (D:9)
  3 iguanas
  Terence (D:2)
  8 worker ants
  4 ogre zombies (D:10)
  A hound skeleton (D:9)
  A worker ant zombie (D:5)
  13 adders
  4 gnolls (D:6)
  An ooze (D:2)
  An adder zombie (D:10)
  2 adder skeletons
  3 worms
  4 dart slugs (D:1)
  6 leopard geckos
  27 orcs
  4 ball pythons
  13 bats
  4 bat skeletons (D:6)
  2 bat zombies (D:6)
  6 giant cockroaches
  10 goblins
  14 hobgoblins
  9 jackals
  7 quokkas
  6 frilled lizards
  4 goblin zombies (D:10)
  2 hobgoblin skeletons (D:10)
  A hobgoblin zombie (D:10)
  A jackal zombie (D:5)
  27 kobolds
  2 orc skeletons (D:10)
  10 orc zombies (D:10)
  A quokka zombie (D:5)
  4 rats
319 creatures vanquished.

Vanquished Creatures (others)
  A basilisk (D:8)
  An orc warrior (D:10)
  An orc priest (D:10)
  An orc wizard (D:10)
4 creatures vanquished.

Grand Total: 323 creatures vanquished

Notes
Turn   | Place    | Note
-------+----------+-------------------------------------------
     0 | Abyss:1  | Inarius the Demonspawn Abyssal Knight began the quest for
                  | the Orb.
     0 | Abyss:1  | Reached XP level 1. HP: 18/18 MP: 2/2
    71 | Abyss:1  | Noticed a soldier ant
    80 | Abyss:1  | Noticed a thrashing horror
    84 | D:1      | Escaped the Abyss
    87 | D:1      | Noticed a demonspawn
    87 | D:1      | Noticed a vampire
    89 | D:1      | Noticed an ogre
    89 | D:1      | Noticed a naga
    93 | D:1      | Noticed a dwarf
    95 | D:1      | Noticed a demigod
    95 | D:1      | Noticed an octopode
    97 | D:1      | Noticed a felid
    97 | D:1      | Noticed a ghoul
    99 | D:1      | Noticed a minotaur
    99 | D:1      | Noticed an elf
   101 | D:1      | Noticed a tengu
   101 | D:1      | Noticed a vine stalker
   103 | D:1      | Noticed a draconian
   105 | D:1      | Noticed a gargoyle
   105 | D:1      | Noticed a merfolk
   107 | D:1      | Noticed a human
   107 | D:1      | Noticed a centaur
   109 | D:1      | Noticed a halfling
   109 | D:1      | Noticed a formicid
   111 | D:1      | Noticed a troll
   111 | D:1      | Noticed a spriggan
   276 | D:1      | Gained mutation: You have sharp fingernails. [demonic
                  | ancestry]
   276 | D:1      | Reached XP level 2. HP: 24/24 MP: 3/3
   390 | D:1      | Reached * piety under Lugonu
   871 | D:1      | Gained mutation: You are partially covered in thin metallic
                  | scales. (AC +2) [demonic ancestry]
   871 | D:1      | Reached XP level 3. HP: 30/30 MP: 4/4
   887 | D:1      | Reached skill level 1 in Dodging
  1341 | D:1      | Reached ** piety under Lugonu
  1450 | D:2      | Reached skill level 1 in Unarmed Combat
  1455 | D:2      | Noticed Terence
  1704 | D:2      | Reached XP level 4. HP: 35/37 MP: 5/5
  1877 | D:2      | Killed Terence
  2339 | D:3      | Noticed Jessica
  2347 | D:3      | Killed Jessica
  2401 | D:3      | Gained mutation: You have very sharp fingernails. [demonic
                  | ancestry]
  2401 | D:3      | Reached XP level 5. HP: 42/42 MP: 7/7
  2655 | D:3      | Noticed Sigmund
  2810 | D:3      | You fall into a shaft and drop 1 floor!
  2844 | D:4      | Reached skill level 2 in Unarmed Combat
  2926 | D:4      | Noticed an orc warrior
  3143 | D:3      | Found a hide-covered altar of Uskayaw.
  3177 | D:3      | Reached *** piety under Lugonu
  3509 | D:3      | Killed Sigmund
  3509 | D:3      | Reached skill level 3 in Unarmed Combat
  3509 | D:3      | Gained mutation: You sometimes gain a little power by
                  | taking damage. [demonic ancestry]
  3509 | D:3      | Reached XP level 6. HP: 48/48 MP: 8/8
  3622 | D:4      | Reached skill level 4 in Unarmed Combat
  3659 | D:4      | Reached XP level 7. HP: 35/54 MP: 9/9
  4961 | D:4      | Reached skill level 5 in Unarmed Combat
  5286 | D:5      | Entered Level 5 of the Dungeon
  5633 | D:5      | Found a stormy altar of Qazlal.
  5636 | D:5      | Found a white marble altar of Elyvilon.
  5639 | D:5      | Found a burning altar of Makhleb.
  5710 | D:5      | Found a hazy altar of Hepliaklqana.
  5723 | D:5      | Found a runed translucent door.
  5757 | D:5      | Found Ges Mas's Book Shoppe.
  5841 | D:5      | Found a shadowy altar of Dithmenos.
  6179 | D:5      | Reached skill level 6 in Unarmed Combat
  6183 | D:5      | Reached XP level 8. HP: 58/60 MP: 10/10
  6407 | D:5      | Noticed Loge's ghost (novice TeAE)
  6933 | D:5      | Reached **** piety under Lugonu
  6933 | D:5      | Reached skill level 7 in Unarmed Combat
  6960 | D:6      | Found a deep blue altar of Sif Muna.
  7127 | D:6      | Reached skill level 1 in Shields
  7159 | D:6      | Found an ancient bone altar of Kikubaaqudgha.
  7176 | D:6      | Reached skill level 1 in Evocations
  7277 | D:6      | Noticed Edmund
  7304 | D:6      | Killed Edmund
  7557 | D:7      | Noticed a hippogriff
  7570 | D:7      | Killed a hippogriff
  7570 | D:7      | Reached XP level 9. HP: 60/65 MP: 12/12
  7655 | D:7      | Found a staircase to the Ecumenical Temple.
  7790 | D:7      | Reached skill level 5 in Invocations
  7891 | D:7      | Found a basalt altar of Yredelemnul.
  7981 | D:7      | Found a bloodstained altar of Trog.
  8058 | D:7      | Reached skill level 8 in Unarmed Combat
  8279 | D:7      | Reached skill level 1 in Throwing
  8582 | D:7      | Noticed a skeletal warrior
  9214 | D:8      | Found a staircase to the Lair.
  9331 | D:8      | Found a hazy altar of Hepliaklqana.
  9435 | D:8      | Found a snail-covered altar of Cheibriados.
  9989 | D:9      | Reached skill level 9 in Unarmed Combat
 10064 | D:9      | Found an ornate altar of the Wu Jian Council.
 10196 | D:9      | Found a transporter.
 10228 | D:9      | Noticed a two-headed ogre
 10259 | D:9      | Killed a two-headed ogre
 10259 | D:9      | Reached skill level 5 in Armour
 10259 | D:9      | Reached XP level 10. HP: 48/73 MP: 14/14
 10262 | D:9      | Reached ***** piety under Lugonu
 10568 | D:9      | Found a shattered altar of Ashenzari.
 10802 | D:9      | Found a transporter.
 11027 | D:10     | Entered Level 10 of the Dungeon
 11089 | D:10     | Noticed a two-headed ogre
 11270 | D:10     | Reached skill level 10 in Unarmed Combat
 11571 | D:10     | Noticed a two-headed ogre
 11597 | D:10     | Killed a two-headed ogre
 12218 | D:10     | Found Wasuulla's General Store.
 12237 | D:10     | Bought a potion of invisibility for 120 gold pieces
 12374 | D:10     | Found a staircase to the Orcish Mines.
 12481 | D:10     | Reached skill level 5 in Dodging
 12824 | D:11     | Noticed a cyclops
 12834 | D:11     | Killed a cyclops
 12834 | D:11     | Gained mutation: You are mostly covered in thin metallic
                  | scales. (AC +3) [demonic ancestry]
 12834 | D:11     | Reached XP level 11. HP: 37/78 MP: 15/15
 13224 | D:11     | Noticed a cyan ugly thing
 13230 | D:11     | Killed a cyan ugly thing
 13230 | D:11     | Reached skill level 11 in Unarmed Combat
 13265 | D:11     | Noticed a brown ugly thing
 13291 | D:11     | Killed a brown ugly thing
 13296 | D:11     | Reached skill level 5 in Evocations
 13590 | D:11     | Noticed a two-headed ogre
 13616 | D:11     | Killed a two-headed ogre
 14401 | D:10     | Slain by a two-headed ogre

Levels and vault maps discovered:
D:1:      kb_arrival_jail, layout_loops_corners, minmay_hexomino_f4
D:2:      layout_basic, uniq_terence
D:3:      layout_loops_cross, eat_drink_and_be_merry_uskayaw, first_ration,
          minmay_fractal_squares_gapless_5, uniq_jessica, uniq_sigmund
D:4:      layout_basic, grunt_decor_mini_mirrors
D:5:      layout_basic, grunt_dithmenos_smoke, grunt_temple_overflow_diamond,
          basic_altar, ebering_ghost_sewer_d, serial_shops, kennysheep_mini
D:6:      layout_cave_pools, kennysheep_vampire_church, led_sif_pool,
          uniq_edmund
D:7:      minmay_cornered_nines, layout_cave_pods, lemuel_round_altar,
          minmay_temple_entry_crystal_x, trog_three_pillars_becter
D:8:      layout_loops_ring, kennysheep_little_box, cheibriados_altar_1,
          erik_lair_dragon, grunt_ogre_cave
D:9:      gammafunk_jiyva_shrine, layout_basic, ashenzari_altar_1,
          kennysheep_mini_moat
D:10:     minmay_bubble_buster, layout_irregular_city, zombieorc1_lemuel,
          serial_shops, shop_coins
D:11:     layout_roguey, minmay_crystal_water

Skill      XL: |  1  2  3  4  5  6  7  8  9 10 11 |
---------------+----------------------------------+-----
Axes           | 2 |  2.0
Dodging        | 1 2 3 4 5 |  5.2
Unarmed Combat | 1 3 4 6 7 9 10 11 | 11.5
Fighting       | 4 |  4.7
Armour         | 2 3 4 5 |  5.5
Invocations    | 3 4 5 |  5.8
Shields        | 1 2 4 |  4.4
Evocations     | 1 3 4 5 |  5.3
Throwing       | 1 2 |  2.4
Stealth        | |  0.7

Action                   |  1- 3 |  4- 6 |  7- 9 | 10-12 || total
-------------------------+-------+-------+-------+-------++-------
Melee: Hand axe          |   161 |    20 |       |       ||   181
       Unarmed           |       |   177 |   611 |   407 ||  1195
       Punch             |       |     1 |     5 |       ||     6
Throw: Boomerang         |     2 |       |    38 |    28 ||    68
Invok: Depart the Abyss  |     1 |       |       |       ||     1
       Banish            |       |       |     1 |       ||     1
Evoke: Wand              |       |     1 |    15 |     8 ||    24
       Lightning rod     |       |       |       |     4 ||     4
  Use: Scroll            |       |     5 |     7 |     3 ||    15
       Potion            |       |     4 |     2 |     4 ||    10
 Stab: Sleeping          |     3 |       |       |       ||     3
  Eat: Chunk             |     3 |     6 |    19 |    11 ||    39
       Ration            |       |       |     1 |     1 ||     2
Armor: Leather armour    |    56 |       |       |       ||    56
       Chain mail        |     1 |     5 |       |       ||     6
       Ring mail         |       |    71 |   234 |   106 ||   411
       Skin              |       |       |       |     9 ||     9
Dodge: Dodged            |    98 |   104 |   257 |   188 ||   647
Block: Shield            |       |       |   174 |   184 ||   358

Table legend:
 A = Non-vault XP
 B = Vault XP
 C = Vault XP percentage of total XP
 D = Non-vault monster count
 E = Vault monster count
 F = Vault count percentage of total count
                 A         B        C        D         E       F
            +---------+---------+-------+---------+---------+-------
      Total |   11228 |    4028 |  26.4 |     253 |      68 |  21.2
            +---------+---------+-------+---------+---------+-------
        D:1 |      64 |       5 |   7.2 |      33 |       4 |  10.8
        D:2 |      42 |      36 |  46.2 |      20 |       1 |   4.8
        D:3 |      45 |     279 |  86.1 |      17 |       8 |  32.0
        D:4 |     505 |       0 |   0.0 |      25 |       0 |   0.0
        D:5 |     810 |       0 |   0.0 |      29 |       0 |   0.0
        D:6 |     406 |     345 |  45.9 |      15 |      10 |  40.0
        D:7 |     990 |       0 |   0.0 |      24 |       0 |   0.0
        D:8 |     663 |     674 |  50.4 |      18 |       5 |  21.7
        D:9 |    2533 |       0 |   0.0 |      23 |       0 |   0.0
       D:10 |     722 |    2689 |  78.8 |      13 |      40 |  75.5
       D:11 |    4448 |       0 |   0.0 |      36 |       0 |   0.0
            +---------+---------+-------+---------+---------+-------
